 Dungeon Crawl Stone Soup version 0.29-a0-322-g68df515428 (webtiles) character file.

Game seed: 6240397234569368064

23 kae the Firebug (level 3, -3/20 HPs)
             Began as a Tengu Fire Elementalist on Apr 7, 2022.
             Slain by Natasha (9 damage)
             ... on level 1 of the Dungeon.
             The game lasted 00:01:13 (1312 turns).

kae the Firebug (Tengu Fire Elementalist)           Turns: 1312, Time: 00:01:14

Health: -3/20      AC:  2    Str:  8    XL:     3   Next: 0%
Magic:  2/7        EV: 12    Int: 17    God:
Gold:   69         SH:  0    Dex: 14    Spells: 3/6 levels left

rFire   . . .      SeeInvis .   (no weapon)
rCold   . . .      Faith    .   (no shield)
rNeg    . . .      Spirit   .   a - +0 robe
rPois   .          Reflect  .   (helmet restricted)
rElec   .          Harm     .   (no cloak)
rCorr   .          Rampage  .   (no gloves)
Will    .....                   (boots unavailable)
Stlth   ++........              (no amulet)
HPRegen 0.06/turn               (no ring)
MPRegen 0.10/turn               (no ring)

@: no status effects
A: beak, talons 3
a: no special abilities


You were on level 1 of the Dungeon.
You visited 1 branch of the dungeon, and saw 2 of its levels.

You collected 69 gold pieces.

Inventory:

Armour
 a - a +0 robe (worn)
Scrolls
 c - a scroll of teleportation
 e - a scroll of vulnerability {unknown}
 f - 2 scrolls of identify
 g - 3 scrolls of fog {unknown}
Potions
 b - a potion of magic
 d - a potion of attraction
 h - a potion of brilliance {unknown}
 i - a potion of mutation {unknown}


   Skills:
 + Level 0.9 Fighting
 + Level 0.6 Armour
 + Level 2.5 Dodging
 - Level 2.0 Stealth
 + Level 2.3 Spellcasting
 + Level 1.8 Conjurations
 + Level 3.4 Fire Magic


You had 3 spell levels left.
You knew the following spells:

 Your Spells              Type           Power      Damage    Failure   Level
a - Foxfire               Conj/Fire      44%        2x1d6     6%          1
b - Scorch                Fire           26%        2d6       7%          2

Your spell library contained the following spells:

 Spells                   Type           Power      Damage    Failure   Level
 Conjure Flame            Conj/Fire      11%        6-21      19%         3
 Inner Flame              Hex/Fire       7%         N/A       28%         3
 Gell's Gravitas          Tloc           1%         N/A       50%         3
 Lesser Beckoning         Tloc           1%         N/A       50%         3
 Teleport Other           Tloc           1%         N/A       50%         3
 Flame Wave               Conj/Fire      11%        2d5       54%         4
 Cause Fear               Hex            0%         N/A       88%         4
 Dragon Form              Tmut           0%         N/A       100%        7
 Dragon's Call            Summ           0%         N/A       100%        9


Dungeon Overview and Level Annotations

Branches:
Dungeon (2/15)

Altars:

Annotations:
D:1 Natasha
D:2 Robin


Innate Abilities, Weirdness & Mutations

You have a beak for a mouth.
You have claws for feet.


Message History

You conjure some foxfire!
The foxfire hits the endoplasm.
The endoplasm is moderately wounded.
The foxfire hits the endoplasm.
You kill the endoplasm!
Casting: Foxfire (safe; 8% risk of failure)
Confirm with . or Enter, or press ? or * to list all spells.
You conjure some foxfire!
Natasha hisses angrily.
The foxfire hits the hobgoblin.
You kill the hobgoblin!
The foxfire hits the hobgoblin but does no damage.
Casting: Foxfire (safe; 8% risk of failure)
Confirm with . or Enter, or press ? or * to list all spells.
You conjure some foxfire!
A goblin comes into view. It is wielding a +0 dagger.
The foxfire hits the hobgoblin but does no damage.
The foxfire hits the hobgoblin.
The hobgoblin is moderately wounded.
Robin of the Strong Arm comes into view.
They are wielding a +0 dagger.
The hobgoblin hits you.
There is an escape hatch in the ceiling here.
Casting: Foxfire (safe; 8% risk of failure)
Confirm with . or Enter, or press ? or * to list all spells.
You conjure some foxfire!
The hobgoblin hits you.
The foxfire hits the hobgoblin.
The hobgoblin is heavily wounded.
The foxfire hits the hobgoblin.
You kill the hobgoblin!
You have reached level 3!
Your experience leads to an increase in your attributes!
Increase (S)trength, (I)ntelligence, or (D)exterity?
You feel clever. x2
Natasha claws you.
* * * LOW HITPOINT WARNING * * *
A mysterious force pulls you upwards. The hatch slams shut behind you.
Casting: Foxfire (safe; 6% risk of failure)
Confirm with . or Enter, or press ? or * to list all spells.
You conjure some foxfire!
Natasha claws you!
You die...

.#.###..###...###
.#.##...#...#.#
..>.......###.######
#.#.....###...##...##
......####..........##
#.....# #............#
[.....###............#
........#.......hv...#
........##..^...@...##
........###...##v..##
..........##########
...........#
.........#.####
....(....#....#
...>....†.....#
..............#
...#....##....##


You could see Natasha (ally target).

Vanquished Creatures
  A dart slug (D:2)
  3 endoplasms
  4 goblins (D:2)
  2 hobgoblins (D:2)
  A quokka (D:2)
  A ball python (D:1)
  3 bats
  A frilled lizard (D:2)
  A kobold (D:2)
  2 rats (D:1)
19 creatures vanquished.

Vanquished Creatures (others)
  62 foxfires
  A plant (D:1)
63 creatures vanquished.

Grand Total: 82 creatures vanquished

Notes
Turn   | Place    | Note
-------+----------+-------------------------------------------
     0 | D:1      | kae the Tengu Fire Elementalist began the quest for the
                  | Orb.
     0 | D:1      | Reached XP level 1. HP: 10/10 MP: 4/4
   670 | D:2      | Reached XP level 2. HP: 3/15 MP: 1/6
   758 | D:2      | Learned a level 2 spell: Scorch
  1218 | D:2      | Found a faded altar of an unknown god.
  1295 | D:2      | Noticed Natasha
  1304 | D:2      | Noticed Robin
  1310 | D:2      | Reached XP level 3. HP: 12/20 MP: 2/7
  1312 | D:1      | Slain by Natasha

Illustrated notes

Levels and vault maps discovered:
D:1:      denvon_arrival_planthouse, layout_rooms
D:2:      layout_loops_ring, ebering_ecumenical_altar_abandoned, uniq_robin,
          uniq_natasha, uniq_crazy_yiuf_cottage

Action                   || total
-------------------------++-------
Melee: Unarmed           ||    18
       Peck              ||     4
       Kick              ||     2
 Cast: Foxfire           ||    39
  Use: Scroll            ||     5
Armor: Robe              ||     2
Dodge: Dodged            ||    11

Table legend: (Time is in decaauts)
 A = Elapsed time spent in this place.
 B = Non-inter-level travel time spent in this place.
 C = Inter-level travel time spent in this place.
 D = Time resting spent in this place.
 E = Time spent auto-exploring this place.
 F = Levels seen in this place.
 G = Mean time per level.
                   A        B        C        D        E       F      G
               +--------+--------+--------+--------+--------+-----+--------+
         Total |   1312 |   1302 |     10 |      0 |   1117 |   2 |  656.0 |
       Dungeon |   1312 |   1302 |     10 |      0 |   1117 |   2 |  656.0 |
               +--------+--------+--------+--------+--------+-----+--------+

Top non-repeatable levels by time:
     D:2: 665 daAuts
     D:1: 646 daAuts
